 Dungeon Sprint DCSS version 0.22.1-2-g9c5b331 (webtiles) character file.

21 diana the Covert (level 2, -3/19 HPs)
             Began as an Octopode Assassin on Dec 14, 2018.
             Was a Believer of Dithmenos.
             Slain by a gnoll
             ... wielding a +0 spear
              (9 damage)
             ... in the Dungeon (Sprint VII: "The Pits").
             The game lasted 00:01:11 (107 turns).

diana the Covert (Octopode Assassin)                 Turns: 107, Time: 00:01:12

Health: -3/19      AC:  1    Str: 10    XL:     2   Next: 87%
Magic:  2/2        EV: 13    Int: 13    God:    Dithmenos [**....]
Gold:   0          SH:  0    Dex: 13    Spells: 1/1 levels left

rFire    . . .     SeeInvis .   l - +2 dagger
rCold    . . .     Gourm    .   (no shield)
rNeg     . . .     Faith    .   (helmet restricted)
rPois    .         Spirit   .   (no amulet)
rElec    .         Reflect  .   (no ring)
rCorr    .         Harm     .   (no ring)
MR       .....     NoTele   +   (no ring)
Stlth    ++++++....             (no ring)
HPRegen  0.06/turn              (no ring)
MPRegen  0.08/turn              (no ring)
                                (no ring)
                                (no ring)

@: very slightly contaminated, wreathed by umbra, invisible
A: almost no armour, stealthy swim, amphibious, 8 rings, constrict 8, camouflage
1, gelatinous body 1
a: Shadow Step, Renounce Religion


You were in the Dungeon.
You worshipped Dithmenos.
Dithmenos was pleased with you.
You were not hungry.

You visited 1 branch

Inventory:

Hand Weapons
 a - a +2 dagger
 b - a +0 blowgun
 l - a +2 dagger (weapon)
Missiles
 c - 8 poisoned needles
 d - 2 curare-tipped needles
Scrolls
 k - a scroll of blinking
 n - 3 scrolls of remove curse
 o - 5 scrolls of amnesia
 p - a scroll of summoning
Potions
 h - a potion of haste
 i - 4 potions of magic
 j - 3 potions of berserk rage
 m - a potion of invisibility
Comestibles
 f - 9 rations


   Skills:
 - Level 2.0 Fighting
 + Level 3.6 Short Blades
 - Level 2.0 Throwing
 - Level 1.0 Dodging
 * Level 8.3 Stealth


You had one spell level left.
You didn't know any spells.
Your spell library was empty.

Dungeon Overview and Level Annotations

Branches:
Dungeon (1/1)

Altars:
Ashenzari
Cheibriados
Dithmenos
Elyvilon
Fedhas
Gozag
Hepliaklqana
Kikubaaqudgha
Makhleb
Nemelex Xobeh
Okawaru
Qazlal
Ru
Sif Muna
Trog
Uskayaw
Vehumet
Wu Jian
Xom
Yredelemnul
Zin
The Shining One
Beogh
Jiyva
Lugonu

Annotations:
D Menkaure


Innate Abilities, Weirdness & Mutations

You cannot wear most types of armour.
You are very stealthy in the water. (Stealth+)
You are amphibious.
You can wear up to eight rings at the same time.
You can use your tentacles to constrict eight enemies at once.
Your skin changes colour to match your surroundings (Stealth+).
Your rubbery body absorbs attacks. (AC +1, EV +1)


Message History

Dithmenos accepts your kill.
Your Stealth skill increases to level 8!
Menkaure's bandages flutter.
You hit the quokka. Your grab misses the quokka.
Your squeeze misses the quokka.
The quokka is severely wounded.
The quokka barely misses you.
You strike the helpless quokka from behind!
You impale the quokka!!
You kill the quokka!
Dithmenos accepts your kill.
You can now step into the shadows of nearby creatures.
Unknown command.
The gnoll barely misses you.
There is an open door to the Storerooms (Easy), spattered with blood here.
Things that are here:
a quokka corpse; an adder corpse You hit the gnoll but do no damage.
Your grab misses the gnoll. The gnoll hits you with a spear!
You die...

############
#_________.#
#_________.#
#_______...###########++
##########'##...........
#.?(.')))'.##......#..#.
##########.##...........
#.........Mg@...........
#+#####'#####......#..#.
#†..#.# #...........
#...#g# ####'#####++
#.g.'.# #.......#
##r#### #.......#
#..r..# #.......#
#.M...# #...<...#
#........##.......#


You could see Menkaure and a gnoll.

Vanquished Creatures
  An adder (D)
  An ufetubus (D)
  A ball python (D)
  A giant cockroach (D)
  A hobgoblin (D)
  A quokka (D)
  A leopard gecko skeleton (D)
7 creatures vanquished.

Notes
Turn   | Place    | Note
-------+----------+-------------------------------------------
     0 | D        | diana the Octopode Assassin began the quest for the Orb.
     0 | D        | Reached XP level 1. HP: 14/14 MP: 1/1
    51 | D        | Found a glowing golden altar of the Shining One.
    51 | D        | Found a glowing silver altar of Zin.
    51 | D        | Found a basalt altar of Yredelemnul.
    51 | D        | Found a shimmering altar of Xom.
    51 | D        | Found an ornate altar of the Wu Jian Council.
    51 | D        | Found a bloodstained altar of Trog.
    51 | D        | Found a deep blue altar of Sif Muna.
    51 | D        | Found a sacrificial altar of Ru.
    51 | D        | Found a stormy altar of Qazlal.
    51 | D        | Found an iron altar of Okawaru.
    51 | D        | Found a sparkling altar of Nemelex Xobeh.
    51 | D        | Found a burning altar of Makhleb.
    51 | D        | Found a viscous altar of Jiyva.
    51 | D        | Found a hazy altar of Hepliaklqana.
    51 | D        | Found an opulent altar of Gozag.
    51 | D        | Found a blossoming altar of Fedhas.
    51 | D        | Found a white marble altar of Elyvilon.
    51 | D        | Found a shadowy altar of Dithmenos.
    51 | D        | Found a snail-covered altar of Cheibriados.
    52 | D        | Found a radiant altar of Vehumet.
    52 | D        | Found a corrupted altar of Lugonu.
    52 | D        | Found a roughly hewn altar of Beogh.
    53 | D        | Found an ancient bone altar of Kikubaaqudgha.
    53 | D        | Found a hide-covered altar of Uskayaw.
    53 | D        | Found a shattered altar of Ashenzari.
    58 | D        | Became a worshipper of Dithmenos the Shadowed
    71 | D        | Reached skill level 6 in Stealth
    77 | D        | Reached * piety under Dithmenos
    77 | D        | Reached skill level 7 in Stealth
    77 | D        | Reached XP level 2. HP: 19/19 MP: 2/2
    84 | D        | Noticed Menkaure
   103 | D        | Reached skill level 8 in Stealth
   105 | D        | Reached ** piety under Dithmenos
   107 | D        | Slain by a gnoll

Skill      XL: |  1  2 |
---------------+-------+-----
Stealth        | 7 8 |  8.3
Short Blades   | 3 |  3.6
Fighting       | |  2.0
Throwing       | |  2.0
Dodging        | |  1.0

Action                   || total
-------------------------++-------
Melee: Dagger            ||    11
       Constrict         ||     2
  Use: Potion            ||     3
 Stab: Sleeping          ||     4
       Invisible         ||     2
Dodge: Dodged            ||    16
